 Dungeon Crawl Stone Soup version 0.29.1-12-g30fa7ad0bf (webtiles) character file.

Game seed: 14155322040940225641

98641 Gartch the Executioner (level 15, -4/223 (235) HPs)
             Began as a Minotaur Berserker on Dec 10, 2022.
             Was a High Priest of Trog.
             Slain by a deep elf blademaster
             ... wielding a +0 short sword
              (13 damage)
             ... on level 2 of the Elven Halls on Dec 13, 2022.
             The game lasted 03:20:41 (38940 turns).

Gartch the Executioner (Minotaur Berserker)        Turns: 38940, Time: 03:20:43

HP:   -4/223 (235)  AC: 13    Str: 35    XL:     15   Next: 75%
MP:   7/7           EV: 16    Int:  4    God:    Trog [*****.]
Gold: 1841          SH:  0    Dex:  8    Spells: 14/14 levels left

rFire   + + +      SeeInvis .   a - +4 battleaxe (antimagic)
rCold   . . .      Faith    .   (shield currently unavailable)
rNeg    . . .      Spirit   .   E - +2 ring mail {Will+}
rPois   .          Reflect  .   (helmet restricted)
rElec   +          Harm     .   M - +1 cloak {Will+}
rCorr   .          Rampage  .   d - +2 pair of gloves
Will    ++++.                   K - +0 pair of boots
Stlth   ..........              (no amulet)
HPRegen 0.47/turn               l - ring "Poub" {rElec rF+++ MP+9 Str+6 Dex-2}
MPRegen 0.10/turn               G - ring of willpower

@: berserking (expiring), drained, very quick
A: horns 2, retaliatory headbutt
a: Renounce Religion, Berserk, Trog's Hand, Brothers in Arms


You were on level 2 of the Elven Halls.
You worshipped Trog.
Trog was extremely pleased with you.
You visited 6 branches of the dungeon, and saw 24 of its levels.
You also visited: Sewer.

You collected 2567 gold pieces.
You spent 726 gold pieces at shops.

Inventory:

Hand Weapons
 a - a +4 antimagic battleaxe (weapon)
 b - a +9 executioner's axe
 U - a +2 demon trident of draining
Missiles
 h - 57 poisoned darts (quivered)
 x - 4 throwing nets
 I - 6 datura-tipped darts
Armour
 d - a +2 pair of gloves (worn)
 E - a +2 ring mail of willpower (worn)
 K - a +0 pair of boots (worn)
 M - a +1 cloak of willpower (worn)
 Y - a +2 ring mail of poison resistance
Jewellery
 l - the ring "Poub" (left hand) {rElec rF+++ MP+9 Str+6 Dex-2}
   (You found it in a sewer)

   [ring of strength]

   Str:       It affects your strength (+6).
   Dex:       It affects your dexterity (-2).
   rF:        It renders you almost immune to fire.
   rElec:     It insulates you from electricity.
   MP:        It affects your magic capacity (+9).
 D - a ring of poison resistance
 G - a ring of willpower (right hand)
Wands
 n - a wand of light (17)
 w - a wand of polymorph (16)
 y - a wand of mindburst (5)
 J - a wand of charming (19)
 Q - a wand of flame (10)
 R - a wand of roots (13)
Scrolls
 c - 4 scrolls of poison
 e - a scroll of acquirement {unknown}
 f - 6 scrolls of teleportation
 g - a scroll of blinking
 i - 7 scrolls of enchant armour
 o - 3 scrolls of enchant weapon
 v - 4 scrolls of fear
 z - 4 scrolls of butterflies
 A - a scroll of summoning
 B - 3 scrolls of noise {unknown}
 N - 4 scrolls of vulnerability {unknown}
 O - 3 scrolls of immolation {unknown}
 S - 5 scrolls of identify
Potions
 j - 8 potions of ambrosia
 k - 9 potions of curing
 m - 6 potions of haste
 p - 6 potions of lignification
 q - 6 potions of attraction
 r - 2 potions of might
 s - 2 potions of flight
 t - 2 potions of cancellation
 u - 3 potions of berserk rage
 C - a potion of resistance
 F - 4 potions of mutation
 H - a potion of invisibility
 T - 2 potions of heal wounds
Miscellaneous
 P - a tin of tremorstones (2/2)


   Skills:
 + Level 20.6 Fighting
 - Level 21.0 Axes
 - Level 2.4 Armour
 - Level 18.0 Dodging
 - Level 1.0 Stealth


You had 14 spell levels left.
You didn't know any spells.
Your spell library was empty.

Dungeon Overview and Level Annotations

Branches:
Dungeon (12/15)            Temple (0/1) D:4            Lair (5/5) D:9
 Shoals (2/4) Lair:2       Spider (1/4) Lair:3        Slime (0/5) Lair:5
    Orc (2/2) D:11            Elf (2/3) Orc:2         Sewer (visited)

Altars:
Makhleb
Xom
Jiyva

Shops:
D:3 :   D:4 !   Orc:2 :*![   Elf:2 !   Shoals:2 (

Portals:
Trove: D:11 (give 8 potions of haste)

Annotations:
D:1 !Ogre
D:3 exclusion: downstairs
D:9 exclusion: orange crystal statue
D:11 portal 8 haste
Lair:5 incomplete 2 wandering hydras
Elf:2 1 runed translucent door, exclusion: door, Fuonemn's ghost, veteran DDBe


Innate Abilities, Weirdness & Mutations

You have a pair of horns on your head.
You reflexively headbutt those who attack you in melee.


Message History

Here: a deep elf blademaster, wielding two +0 short swords and wearing a +0 leather armour The floor.
The +4 hand axe of holy wrath attacks as you move away!
The +4 hand axe of holy wrath hits you.
* * * LOW HITPOINT WARNING * * *
You barely miss the +4 hand axe of holy wrath.
The +4 hand axe of holy wrath barely misses you.
You miss the +4 hand axe of holy wrath. The +4 hand axe of holy wrath hits you.
* * * LOW HITPOINT WARNING * * *
You barely miss the +4 hand axe of holy wrath.
Your headbutt misses the +4 hand axe of holy wrath.
You closely miss the +4 hand axe of holy wrath.
Your headbutt misses the +4 hand axe of holy wrath.
The +4 hand axe of holy wrath hits you.
* * * LOW HITPOINT WARNING * * *
You chop the +4 hand axe of holy wrath into pieces!!!
The +4 hand axe of holy wrath falls from the air.
Trog accepts your kill.
Okay, then.
The deep elf knight casts a spell at you.
The lance of force hits you!!
* * * LOW HITPOINT WARNING * * *
You are knocked back by the lance of force.
You slam into the stone wall!
* * * LOW HITPOINT WARNING * * *
You feel a strong urge to attack something.
You slice the deep elf blademaster!!
The deep elf blademaster is moderately wounded.
You hit the deep elf blademaster.
Your headbutt misses the deep elf blademaster.
The deep elf blademaster is moderately wounded.
The deep elf blademaster completely misses you.
The deep elf blademaster hits you but does no damage.
You cut the deep elf blademaster into ribbons!!!
Your headbutt misses the deep elf blademaster.
The deep elf blademaster is severely wounded.
The deep elf blademaster hits you with a +0 short sword.
* * * LOW HITPOINT WARNING * * *
The deep elf blademaster hits you with a +0 short sword!
You die...

# ###....##### ##....#....#
##....###...# .......
#......#...### .........
##...#......#.##+..........
##...###.....##).+#........#
##...## ##..#...e)##.........
#.))..###.....##e)'#........#
#.##...#......#@##'..........
#.##......#...####.....e.....
#.###....###...# #(..........
##.####....#....# #...........
....#####....#######..........
####.# ###### #.# ##.....^...
#.# #.# ##...#..... #.#
#.###...###.... ###.##
###.##...## #...


You could see a deep elf blademaster and a deep elf knight.

Vanquished Creatures
  Jorgrun (Orc:1)
  An orc warlord (D:11)
  A deep elf annihilator (Elf:1)
  An entropy weaver (Spider:1)
  An ettin (Orc:1)
  Josephine (Orc:1)
  A merfolk impaler (Shoals:1)
  Harold (D:10)
  A boulder beetle (Lair:2)
  Erica (D:11)
  A radroach (Spider:1)
  A catoblepas (Lair:2)
  A centaur warrior (Shoals:2)
  2 merfolk aquamancers (Shoals:1)
  15 dancing weapons
  2 two-headed ogres (D:11)
  6 orc high priests
  A death yak (D:9)
  6 deep elf knights
  Urug (Lair:1)
  Lodul (D:10)
  A pharaoh ant (Spider:1)
  2 sea snakes (Shoals:1)
  2 orb spiders (Spider:1)
  6 orc knights (Orc:2)
  2 wizards (Elf:1)
  5 deep elf archers
  Pikel (D:8)
  3 deep elf zephyrmancers
  8 deep elf pyromancers
  2 orc sorcerers (Orc:2)
  5 manticores
  5 fauns (Shoals:1)
  A cyclops (Shoals:1)
  8 elephants
  2 black mambas
  Maurice (D:8)
  A guardian serpent (shapeshifter) (Elf:2)
  2 merfolk sirens (Shoals:2)
  2 gargoyles
  A torpor snail (Lair:2)
  20 cane toads
  An unseen horror (D:12)
  A rime drake (Lair:5)
  A kobold demonologist (D:11)
  5 komodo dragons
  4 trolls
  4 merfolk
  3 polar bears
  10 tarantellas (Spider:1)
  28 blink frogs
  3 tyrant leeches
  4 dream sheep (Shoals:1)
  3 jumping spiders (Spider:1)
  5 snapping turtles
  4 culicivoras (Spider:1)
  6 wraiths
  A shadow (D:9)
  A vampire (D:10)
  12 water elementals
  5 wyverns
  44 yaks
  2 fire elementals (Elf:2)
  Grum (D:8)
  5 basilisks
  Eustachio (D:5)
  2 steam dragons
  5 vampire mosquitoes (Lair:5)
  4 redbacks
  4 wargs
  2 acid dragons
  12 water moccasins
  39 orc warriors
  2 ice beasts (D:6)
  A sky beast (D:8)
  A black bear (D:6)
  12 ogres
  A boggart (Elf:1)
  4 centaurs
  A phantom (D:6)
  8 wolves
  2 lemures (D:8)
  5 kobold brigands
  2 gnoll sergeants (D:9)
  17 bullfrogs
  Blork the orc (D:5)
  2 scorpions (D:7)
  An earth elemental (Elf:2)
  3 necrophages
  18 wights
  3 killer bees (D:10)
  2 electric eels
  A howler monkey (D:10)
  A crimson imp (D:6)
  3 gnoll boudas
  6 hounds
  7 jellies
  32 orc priests
  5 iguanas
  16 orc wizards
  A hell rat (D:9)
  9 adders
  24 gnolls
  3 river rats
  An ufetubus (D:4)
  6 worms
  4 dart slugs
  82 orcs
  9 ball pythons
  2 bats
  10 endoplasms
  9 giant cockroaches
  9 hobgoblins
  7 jackals
  13 quokkas
  14 frilled lizards
  A goblin (D:2)
  26 kobolds
  4 rats
740 creatures vanquished.

Vanquished Creatures (others)
  32 fungi
  154 plants
  10 tentacles (Shoals:1)
196 creatures vanquished.

Grand Total: 936 creatures vanquished

Notes
Turn   | Place    | Note
-------+----------+-------------------------------------------
     0 | D:1      | Gartch the Minotaur Berserker began the quest for the Orb.
     0 | D:1      | Reached XP level 1. HP: 19/19 MP: 0/0
   313 | D:1      | Reached skill level 4 in Axes
   420 | D:1      | Reached XP level 2. HP: 22/26 MP: 1/1
  1290 | D:2      | Reached skill level 5 in Axes
  1358 | D:2      | Reached XP level 3. HP: 31/31 MP: 2/2
  1398 | D:2      | Reached ** piety under Trog
  1856 | D:2      | Noticed an ogre
  2633 | D:3      | Reached XP level 4. HP: 34/40 MP: 3/3
  2806 | D:3      | Found a faded altar of an unknown god.
  2893 | D:3      | Found Xaxis's Book Shop.
  3405 | D:4      | Noticed a centaur
  3566 | D:4      | Reached skill level 1 in Stealth
  3615 | D:4      | Found a glowing drain.
  3622 | D:4      | Reached XP level 5. HP: 42/46 MP: 4/4
  3632 | D:4      | Reached skill level 6 in Axes
  3646 | Sewer    | Entered a sewer
  3780 | Sewer    | Reached *** piety under Trog
  4150 | Sewer    | Reached skill level 7 in Axes
  4150 | Sewer    | Reached XP level 6. HP: 52/52 MP: 5/5
  4296 | Sewer    | Identified the ring "Poub" {rElec rF+++ MP+9 Str+6 Dex-2}
  4568 | D:4      | Reached skill level 5 in Fighting
  4584 | D:4      | Found a staircase to the Ecumenical Temple.
  4634 | D:4      | Reached XP level 7. HP: 62/62 MP: 6/6
  4682 | D:4      | Found Cushryahu's Distillery.
  4693 | D:4      | Bought a potion of attraction for 30 gold pieces
  4693 | D:4      | Bought a potion of lignification for 30 gold pieces
  4693 | D:4      | Bought a potion of might for 40 gold pieces
  4693 | D:4      | Bought 2 potions of ambrosia for 160 gold pieces
  4704 | D:4      | Bought a potion of flight for 30 gold pieces
  4919 | D:5      | Entered Level 5 of the Dungeon
  5329 | D:5      | Reached skill level 5 in Dodging
  6279 | D:5      | Noticed Blork the orc
  6288 | D:5      | Reached skill level 8 in Axes
  6303 | D:5      | Killed Blork the orc
  6304 | D:5      | Reached XP level 8. HP: 67/73 MP: 7/7
  6542 | D:5      | Noticed Eustachio
  6563 | D:5      | Killed Eustachio
  6913 | D:6      | Upgraded the game from 0.29.1-4-g47bece8355 to
                  | 0.29.1-12-g30fa7ad0bf
  7110 | D:6      | Reached skill level 10 in Fighting
  7150 | D:6      | Found a burning altar of Makhleb.
  7630 | D:6      | Reached **** piety under Trog
  7969 | D:6      | Reached XP level 9. HP: 93/93 MP: 8/8
  8406 | D:6      | Reached skill level 9 in Axes
  9222 | D:7      | Reached skill level 15 in Fighting
 10071 | D:8      | Noticed Maurice
 10315 | D:8      | Reached XP level 10. HP: 107/107 MP: 9/9
 10547 | D:8      | Noticed Grum
 10595 | D:8      | Killed Grum
 11311 | D:8      | Killed Maurice
 11312 | D:8      | Reached skill level 10 in Axes
 11408 | D:8      | Noticed Pikel
 11426 | D:8      | Killed Pikel
 12005 | D:9      | Noticed a death yak
 12366 | D:9      | Found a staircase to the Lair.
 12542 | D:9      | Reached skill level 11 in Axes
 12575 | D:9      | Noticed a death yak
 12642 | Lair:1   | Entered Level 1 of the Lair of Beasts
 12951 | Lair:1   | Reached skill level 10 in Dodging
 13091 | Lair:1   | Noticed a black mamba
 13096 | Lair:1   | Killed a black mamba
 13118 | Lair:1   | Reached XP level 11. HP: 63/115 MP: 10/10
 13525 | Lair:1   | Noticed Urug
 13541 | Lair:1   | Killed Urug
 13542 | Lair:1   | Reached skill level 12 in Axes
 14645 | Lair:2   | Noticed a catoblepas
 14769 | Lair:2   | Reached skill level 13 in Axes
 15062 | Lair:2   | Found a staircase to the Shoals.
 15561 | Lair:2   | Noticed a boulder beetle
 15574 | Lair:2   | Killed a boulder beetle
 15781 | Lair:2   | Killed a catoblepas
 15782 | Lair:2   | Reached skill level 14 in Axes
 15782 | Lair:2   | Reached XP level 12. HP: 124/124 MP: 11/11
 16367 | Lair:3   | Reached skill level 15 in Axes
 17428 | Lair:3   | Found a hole to the Spider Nest.
 17524 | Lair:3   | Noticed a four-headed hydra
 17861 | Lair:4   | Reached skill level 16 in Axes
 18496 | Lair:4   | Reached skill level 17 in Axes
 19072 | Lair:5   | Entered Level 5 of the Lair of Beasts
 19092 | Lair:5   | Found a staircase to the Slime Pits.
 19092 | Lair:5   | Found a viscous altar of Jiyva.
 19233 | Lair:5   | Noticed a seven-headed hydra
 19256 | Lair:5   | Reached ***** piety under Trog
 19302 | Lair:5   | Reached skill level 18 in Axes
 19313 | Lair:5   | Reached XP level 13. HP: 70/130 MP: 12/12
 19713 | Lair:5   | Received a gift from Trog
 21743 | D:9      | Reached skill level 15 in Dodging
 21972 | D:10     | Entered Level 10 of the Dungeon
 22071 | D:10     | Noticed Harold
 22079 | D:10     | Noticed Lodul
 22084 | D:10     | Killed Harold
 22106 | D:10     | Killed Lodul
 22483 | D:10     | Received a gift from Trog
 22591 | D:10     | Identified the +11 whip of Impatience {flame, rElec rPois
                  | Dex+4 Stlth-}
 23673 | D:11     | Found a portal to a secret trove of treasure.
 23777 | D:11     | Noticed Erica
 23845 | D:11     | Found a staircase to the Orcish Mines.
 23890 | D:11     | Killed Erica
 24005 | Orc:1    | Entered Level 1 of the Orcish Mines
 24005 | Orc:1    | Noticed an orc warlord
 25366 | D:11     | Killed an orc warlord
 25367 | D:11     | Reached XP level 14. HP: 59/143 MP: 13/13
 26476 | Orc:1    | Noticed Jorgrun
 26486 | Orc:1    | Killed Jorgrun
 26624 | Orc:1    | Noticed Josephine
 26634 | Orc:1    | Killed Josephine
 26665 | Orc:1    | Reached skill level 19 in Axes
 26879 | Orc:2    | Entered Level 2 of the Orcish Mines
 27361 | Orc:2    | Found a staircase to the Elven Halls.
 30262 | Orc:2    | Found Ruave's General Store.
 30265 | Orc:2    | Found Yrphaer's Distillery.
 30266 | Orc:2    | Found Narchib's Book Shop.
 30267 | Orc:2    | Found Dihieme's Armour Shop.
 30271 | Orc:2    | Bought 2 potions of heal wounds for 130 gold pieces
 30293 | Orc:2    | Bought a +2 ring mail of poison resistance for 306 gold
                  | pieces
 30556 | Shoals:1 | Entered Level 1 of the Shoals
 30858 | Spider:1 | Entered Level 1 of the Spider Nest
 32302 | Shoals:1 | Received a gift from Trog
 32441 | Shoals:1 | Noticed a kraken
 33122 | Shoals:1 | Reached XP level 15. HP: 63/152 MP: 14/14
 33130 | Shoals:1 | Reached skill level 20 in Axes
 34187 | Shoals:2 | Identified the +9 whip of Ogestet {vorpal, rF+}
 34528 | Shoals:2 | Found Ytiosm's Antique Weapon Shoppe.
 35070 | Elf:1    | Entered Level 1 of the Elven Halls
 37958 | Elf:2    | Found a runed translucent gate.
 37958 | Elf:2    | Found a runed translucent gate.
 37958 | Elf:2    | Found a runed translucent gate.
 38210 | Elf:2    | Reached skill level 21 in Axes
 38447 | Elf:2    | Found Tutsir's Distillery.
 38532 | Elf:2    | Found a runed translucent door.
 38532 | Elf:2    | Found a shimmering altar of Xom.
 38532 | Elf:2    | Noticed Fuonemn's ghost (veteran DDBe)
 38928 | Elf:2    | Noticed a deep elf blademaster
 38940 | Elf:2    | HP: 9/223 [deep elf blademaster/+0 short sword (5)]
 38940 | Elf:2    | Slain by a deep elf blademaster

Illustrated notes

Levels and vault maps discovered:
D:1:      eino_arrival_tree_alley, layout_basic, minmay_pentomino_x4
D:2:      layout_basic, minivault_23
D:3:      layout_basic, serial_shops, shop, basic_ecumenical_altar
D:4:      layout_rooms, minmay_temple_entry_antechambers, portal_sewer_entry_b,
          serial_shops, shop_coins
D:5:      layout_layer_cave, corexii_leaking_fountain, minmay_manual_moon,
          uniq_eustachio, uniq_blork_the_orc
D:6:      layout_gridville, makhleb_grotto_becter, minmay_misc_feat_five
D:7:      layout_cave_pools
D:8:      layout_basic, uniq_grum, uniq_maurice, uniq_pikel
D:9:      layout_loops_ring, dpeg_lair_monsters, columned_hall_lemuel,
          eino_curves_04, chequers_serial_rivers_micro_c,
          roderic_serpentine_path, minivault_16, minmay_misc_feat_pillars,
          minmay_misc_feat_alley
D:10:     layout_irregular_city, uniq_lodul, uniq_harold
D:11:     layout_grid_maze, david_orc_3, nicolae_trove_entry_columns, uniq_erica
D:12:     layout_small_grid
Lair:1:   layout_gridlike, grunt_megastairs_1, uniq_urug
Lair:2:   layout_hall_layers, minmay_shoals_entry_hut
Lair:3:   layout_chaotic_city, spider_nest_entry_webs,
          chequers_serial_rivers_micro_a
Lair:4:   layout_gridlike
Lair:5:   minmay_lair_end_frog_pond, layout_misc_corridors,
          nicolae_slime_entry_slimehenge
Shoals:1: layout_shoals, nicolae_shoals_lost_giant_temple
Shoals:2: layout_shoals, serial_shops, shop
Spider:1: layout_spider_delve, drop_trap, hangedman_spider_tarantella_strand
Orc:1:    layout_caves, mines1_david, uniq_josephine, uniq_jorgrun
Orc:2:    st_orc_pillars, layout_diamond_mine
Elf:1:    layout_gridlike, hangedman_elf_disciples
Elf:2:    elven_hall_of_blades_hangedman_original
          [nicolae_blade_entry_sentries_behind_glass], layout_loops_corners,
          ebering_ghost_xom, serial_shops, shop, abandoned_shop

Skill      XL: |  1  2  3  4  5  6  7  8  9 10 11 12 13 14 15 |
---------------+----------------------------------------------+-----
Axes           | 4 5 7 8 9 11 14 18 19 21 | 21.0
Dodging        | 3 4 5 6 8 10 12 13 16 17 18 | 18.0
Fighting       | 4 5 7 13 16 18 19 20 | 20.6
Stealth        | 1 |  1.0
Armour         | |  2.4

Action                   |  1- 3 |  4- 6 |  7- 9 | 10-12 | 13-15 || total
-------------------------+-------+-------+-------+-------+-------++-------
Melee: Hand axe          |   104 |   171 |   208 |       |       ||   483
       Headbutt          |    13 |    22 |    48 |    68 |   142 ||   293
       Punch             |       |     1 |     2 |       |       ||     3
       Battleaxe         |       |       |    57 |   386 |   374 ||   817
       Executioner's axe |       |       |       |       |   509 ||   509
Invok: Berserk           |     2 |     5 |    18 |    17 |    30 ||    72
       Trog's Hand       |       |     1 |     1 |       |     2 ||     4
       Brothers in Arms  |       |       |       |       |     1 ||     1
  Use: Scroll            |       |     4 |     7 |     4 |     8 ||    23
       Potion            |       |       |     1 |     1 |     6 ||     8
 Stab: Sleeping          |       |     1 |       |       |       ||     1
Armor: Animal skin       |     4 |       |       |       |       ||     4
       Leather armour    |    20 |    53 |    83 |    12 |       ||   168
       Acid dragon scale |       |       |       |    63 |   106 ||   169
       Ring mail         |       |       |       |       |    87 ||    87
Dodge: Dodged            |    50 |    83 |   139 |   175 |   488 ||   935
